 Dungeon Crawl Stone Soup version bcrawl-1.37.2 (webtiles) character file.

Game seed: 9483059038156820403

8253467 Mehrunes the Fighter (level 17, -1/166 HPs)
             Began as a Demigod Fire Elementalist on Nov 12, 2022.
             Slain by a harpy (6 damage)
             ... on level 3 of the Shoals.
             The game lasted 01:35:03 (34443 turns).

Mehrunes the Fighter (Demigod Fire Elementalist)   Turns: 34443, Time: 01:35:04

Health: -1/166     AC: 20    Str: 12    XL:     17   Next: 82%
Magic:  11/35      EV: 23    Int: 37    God:    Demigod [******]
Gold:   1898       SH: 24    Dex: 17    Spells: 7/34 levels left

rFire    + + .     GDR:     32% G - +6 rapier of Arrival {elec, Int+5}
rCold    x . .     SeeInvis .   d - +4 buckler {reflect}
rNeg     . . .     Gourm    .   M - +1 ring mail {rF+}
rPois    .         Faith    .   u - +2 helmet {Int+3}
rElec    .         Spirit   .   p - +2 cloak (curse)
rCorr    .         Reflect  +   t - +2 pair of gloves
MR       +....                  N - +2 pair of boots {Stlth++}
Stlth    +++++.....             A - amulet of regeneration
HPRegen  1.70/turn              J - +3 ring of evasion
MPRegen  0.24/turn              K - ring of fire

@: lethally poisoned (-1 -> -2), divine shield, heroism, regenerating, hasted,
deflect missiles, very quick
A: high mp 1, robust 1, screaming 1
}: 1/15 runes: serpentine
a: Temporal Distortion, Growth, Major Destruction, Heroism, Divine Shield,
Smiting


You were on level 3 of the Shoals.
You worshipped Demigod.
Demigod was exalted by your worship.
You were hungry.

You visited 5 branches of the dungeon, and saw 25 of its levels.
You also visited: Ossuary and Bailey.

You collected 3198 gold pieces.
You spent 1300 gold pieces at shops.

Inventory:

Hand Weapons
 i - the +10 broad axe of the Well-Known Stories {freeze, +Fly Int+3}
   (You took it off a merfolk aquamancer on level 3 of the Shoals)

   It has been specially enchanted to freeze those struck by it, increasing
   damage dealt by approximately one third against foes not resistant or
   susceptible to cold, and potentially slowing cold-blooded foes.
   It affects your intelligence (+3).
   It lets you fly.
 G - the +6 rapier of Arrival (weapon) {elec, Int+5}
   (You found it on level 6 of the Dungeon)

   Occasionally, upon striking a foe, it will discharge some electrical energy
   and cause terrible harm.
   It affects your intelligence (+5).
Armour
 d - a +4 buckler of reflection (worn)
 p - a cursed +2 cloak (worn)
 t - a +2 pair of gloves (worn)
 u - a +2 helmet of intelligence (worn)
 M - a +1 ring mail of fire resistance (worn)
 N - a +2 pair of boots of stealth (worn)
Magical Staves
 f - an uncursed staff of fire
 Q - an uncursed staff of wizardry
Jewellery
 c - an uncursed ring of resist corrosion
 A - an amulet of regeneration (around neck)
 I - an uncursed amulet of rage
 J - a +3 ring of evasion (left hand)
 K - a ring of fire (right hand)
 L - an uncursed ring of flight
 V - an uncursed ring of magical power
Wands
 H - a wand of digging (5)
 P - a wand of paralysis (5)
 Z - a wand of iceblast (8)
Scrolls
 g - 18 scrolls of remove curse
 j - a scroll of enchant armour
 o - 8 scrolls of noise
 w - 3 scrolls of enchant weapon
 y - 5 scrolls of amnesia
 X - a scroll of immolation
 Y - a scroll of brand weapon
Potions
 k - 6 potions of lignification
 l - 5 potions of brilliance
 m - 3 potions of berserk rage
 n - 2 potions of cancellation
 q - a potion of curing
 v - 2 potions of might
 z - a potion of agility
 C - 12 potions of flight
 D - 2 potions of mutation
Miscellaneous
 a - a lightning rod (4/4)
 s - a lamp of fire
 O - a sack of spiders
 S - a phantom mirror
Comestibles
 b - 2 chunks of flesh
 e - 24 rations {!d}


   Skills:
 - Level 13.9(18.9) Fighting
 - Level 9.0(14.0) Short Blades
 * Level 2.2(7.2) Axes
 - Level 10.1(15.1) Dodging
 - Level 2.0(7.0) Stealth
 - Level 10.0(15.0) Shields
 + Level 9.2 Spellcasting
 - Level 10.0 Conjurations
 - Level 5.0 Charms
 + Level 12.6 Fire Magic
 - Level 5.0 Air Magic
 - Level 12.0 Invocations


You had 7 spell levels left.
You knew the following spells:

 Your Spells              Type           Power        Failure   Level  Hunger
a - Flame Tongue          Conj/Fire      #####        1%          1    None
b - Conjure Flame         Conj/Fire      ########     1%          3    None
c - Sticky Flame          Conj/Fire      ########     1%          4    ##.....
d - Fireball              Conj/Fire      ########..   1%          5    ####...
e - Regeneration          Chrm/Necr      #####.....   8%          3    None
f - Deflect Missiles      Chrm/Air       ######....   80%         6    ######.
g - Bolt of Magma         Conj/Fire/Erth #######...   9%          5    ####...

Your spell library contained the following spells:

 Spells                   Type           Power        Failure   Level  Hunger
 Infusion                 Chrm           ######..     1%          1    None
 Magic Dart               Conj           ####         1%          1    None
 Flaming Arrows           Chrm/Fire      #######.     1%          2    None
 Song of Slaying          Chrm           ######..     1%          2    None
 Swiftness                Chrm/Air       ######..     1%          2    None
 Inner Flame              Hex/Fire       N/A          1%          3    None
 Dazzling Orbs            Conj/Hex       ######.      2%          3    None
 Mephitic Cloud           Conj/Pois/Air  ######..     2%          3    None
 Ignite Poison            Fire/Tmut/Pois ######..     3%          3    None
 Steam Barrier            Chrm/Fire      #######...   5%          5    ####...
 Apportation              Tloc           ###...       7%          1    None
 Slow                     Hex            ###.....     7%          1    None
 Summon Butterflies       Summ           ###.....     7%          1    None
 Ozocubu's Armour         Chrm/Ice       #####...     8%          3    None
 Spectral Weapon          Hex/Chrm       #####...     8%          3    None
 Blink                    Tloc           N/A          11%         2    None
 Call Imp                 Summ           ###...       11%         2    None
 Ensorcelled Hibernation  Hex/Ice        ###...       11%         2    None
 Sublimation of Blood     Necr           ###.......   11%         2    None
 Bolt of Fire             Conj/Fire      ########..   11%         6    ######.
 Beckoning                Tloc           ###.......   22%         3    None
 Confuse                  Hex            ###.....     22%         3    None
 Spider Form              Tmut/Pois      ###          22%         3    None
 Tukima's Dance           Hex            ###.....     22%         3    None
 Conjure Ball Lightning   Conj/Air       ######....   45%         6    ######.
 Cause Fear               Hex            ###.......   56%         4    ##.....
 Petrify                  Tmut/Erth      ###.......   56%         4    ##.....
 Metabolic Englaciation   Hex/Ice        ###.......   89%         5    ####...
 Borgnjor's Vile Clutch   Necr/Erth      ###.......   100%        6    ######.
 Darkness                 Hex            ###.......   100%        6    ######.
 Infestation              Hex/Tmut/Pois  ###......    100%        6    ######.
 Invisibility             Hex            ###.....     100%        6    ######.
 Ozocubu's Refrigeration  Ice            ###.......   100%        6    ######.
 Virulence                Hex/Pois       ###.....     100%        6    ######.
 Discord                  Hex            ###.......   100%        7    #######
 Icicle Burst             Conj/Ice       ######....   100%        7    #######
 Mana Rupture             Conj/Hex       ######....   100%        7    #######
 Shadow Creatures         Summ           N/A          100%        7    #######
 Ignition                 Fire           ########..   95%         8    #######
 Time Stop                Chrm/Tloc      N/A          100%        8    #######
 Tornado                  Tloc/Air       #####.....   100%        8    #######
 Shatter                  Erth           ###.......   100%        9    #######


Dungeon Overview and Level Annotations

Branches:
Dungeon (12/12)            Temple (0/1) D:6            Lair (6/6) D:9
 Shoals (3/3) Lair:3        Snake (3/3) Lair:2        Slime (0/5) Lair:6
    Orc (1/1) D:8             Elf (0/3) Orc          Vaults (0/3) D:12
 Depths (0/5) D:12

Shops:
D:7 :   D:11 :%([:   Orc !=([(   Shoals:3 [   Snake:3 =}}

Portals:
Trove: D:9 (give +4 scythe)

Annotations:
Lair:4 exclusion: oklob plant
Snake:2 1 runed door


Innate Abilities, Weirdness & Mutations

You have an increased reservoir of magic. (+10% MP)
You are robust. (+10% HP)
You occasionally shout uncontrollably at your foes.


Message History

The harpy screeches!
The harpy misses you. You block the harpy's attack. The harpy claws you.
* * * LOW HITPOINT WARNING * * *
You block the harpy's attack.
You are too injured to fight recklessly!
Your shield prevents you from hitting the harpy.
You block the harpy's attack. x2; The harpy barely misses you.
The harpy closely misses you.
You puncture the harpy! Lightning courses through the harpy!
The harpy is heavily wounded.
You block the harpy's attack. The harpy claws you but does no damage.
You block the harpy's attack. The harpy misses you.
You block the harpy's attack. The harpy completely misses you.
You hit the harpy.
The harpy is severely wounded.
You block the harpy's attack. The harpy claws you.
* * * LOW HITPOINT WARNING * * *
You block the harpy's attack. The harpy claws you.
You die...
Your divinity fades.

.....#≈≈≈≈≈≈.....................
.....#≈≈≈≈≈≈≈...........#......PP
.....#.≈≈≈≈≈≈....................
#...##.≈≈≈≈≈≈≈........≈≈≈.......,
#####..≈≈≈≈≈≈≈≈≈≈≈≈≈.#.≈≈≈.....,,
.......≈≈≈≈≈≈≈≈≈≈...##.^≈≈≈≈≈..,,
.......≈≈≈≈≈≈≈≈≈....,..≈≈≈≈≈≈≈≈,,
......≈≈≈≈≈≈≈≈≈.H#**,≈≈≈≈≈≈≈≈≈≈≈≈
#....≈≈≈≈≈≈≈≈≈≈.@#**,≈≈≈≈≈≈≈≈≈≈≈≈
#....≈≈≈≈≈≈≈≈≈≈HH##..≈≈≈≈≈≈≈≈≈≈≈≈
#...≈≈≈≈≈≈≈≈≈≈≈≈....≈≈≈≈≈≈≈≈≈≈≈≈≈
#.∩≈≈≈≈≈≈≈≈≈≈≈≈≈≈≈≈≈≈≈≈≈≈≈≈≈≈≈≈≈≈
#.≈≈≈≈≈≈≈≈≈≈≈≈≈≈≈≈≈≈≈≈≈≈≈≈≈≈≈≈≈≈≈
..≈≈≈≈≈≈≈≈≈≈≈≈≈≈≈≈≈≈≈≈≈≈≈≈≈≈≈≈≈≈≈
≈≈≈≈≈≈≈≈≈≈≈≈≈≈≈≈≈≈≈≈≈≈≈≈≈≈≈≈≈≈≈≈≈
≈≈≈≈≈≈≈≈≈≈≈≈≈≈≈≈≈≈≈≈≈≈≈≈≈≈≈≈≈≈≈≈≈
≈≈≈≈≈≈≈≈≈≈≈≈≈≈≈≈≈≈≈≈≈≈≈≈≈≈≈≈≈≈≈≈≈


You could see 3 harpies.

Vanquished Creatures
  Rupert (Orc)
  7 nagarajas (Snake:3)
  Louise (D:12)
  An elemental wellspring (Shoals:1)
  Snorg (Lair:6)
  A merfolk javelineer (Shoals:3)
  6 merfolk impalers
  Harold (D:8)
  2 rakshasas (D:12)
  3 vault guards (D:12)
  12 naga warriors
  Psyche (D:11)
  4 merfolk aquamancers (Shoals:3)
  4 merfolk avatars
  2 two-headed ogres
  12 hydras
  Sonja (Lair:5)
  5 anacondas
  2 satyrs
  11 sea snakes
  10 naga sharpshooters
  4 orc high priests (Orc)
  3 shock serpents
  Nergalle (D:11)
  2 centaur warriors (D:12)
  A glowing orange brain (D:12)
  8 naga ritualists
  A wizard (D:12)
  4 harpies (Shoals:1)
  A cyclops (Orc)
  2 necromancers (D:12)
  10 mana vipers
  An orc knight (Bailey)
  A wolf spider (Lair:5)
  2 orc sorcerers (Orc)
  9 fauns
  7 ugly things
  14 manticores
  3 salamanders (Snake:2)
  15 merfolk sirens
  32 black mambas
  17 elephants
  5 water nymphs
  3 guardian serpents (Snake:2)
  2 torpor snails
  19 naga magi
  10 cane toads
  A jumping spider (D:12)
  2 rime drakes
  9 komodo dragons
  An efreet (D:12)
  2 tengu conjurers (D:12)
  Maurice (D:12)
  8 trolls
  12 polar bears
  32 merfolk
  A hornet (shapeshifter) (D:12)
  6 wind drakes
  6 hornets
  14 blink frogs
  A blink frog (shapeshifter) (D:12)
  A wolf spider simulacrum (D:12)
  A harpy skeleton (D:11)
  A polar bear (shapeshifter) (D:12)
  12 hippogriffs
  Grum (Lair:6)
  6 slime creatures (D:12)
  6 snapping turtles
  9 dream sheep
  14 spriggans (Lair:6)
  26 yaks
  A spriggan (shapeshifter) (D:10)
  9 water elementals
  2 wyverns (D:11)
  2 wraiths
  3 hogs (D:10)
  3 basilisks
  15 humans
  A steam dragon (Lair:2)
  A human (shapeshifter) (D:12)
  2 acid dragons
  33 nagas
  10 crocodiles
  10 water moccasins
  3 porcupines
  6 ice beasts
  A soldier ant (D:11)
  4 sky beasts
  A black bear (shapeshifter) (D:12)
  5 black bears
  2 necrophages
  19 orc warriors
  3 phantoms
  4 boggarts (Lair:6)
  9 ogres
  32 wolves
  12 bullfrogs
  3 kobold brigands
  Blork the orc (D:4)
  A rime drake skeleton (D:8)
  7 centaurs
  5 water moccasin zombies (Ossuary)
  6 scorpions
  2 troll zombies (D:8)
  9 killer bees (D:8)
  A howler monkey (D:7)
  5 electric eels (D:10)
  A wight (D:3)
  26 orc priests
  4 crimson imps
  5 jellies
  2 bullfrog skeletons
  2 bullfrog zombies
  7 hounds
  3 iguanas
  23 orc wizards
  7 hell rats (Lair:4)
  4 worker ants
  4 ogre zombies (D:8)
  A hound zombie (D:5)
  4 hound skeletons
  3 mummies
  4 gnolls
  A howler monkey skeleton (D:7)
  10 adders
  4 shadow imps
  3 oozes
  2 adder zombies (Ossuary)
  2 adder skeletons
  3 worms
  4 dart slugs
  5 leopard geckos
  47 orcs
  4 giant cockroaches
  4 gnoll zombies (Ossuary)
  13 goblins
  12 hobgoblins
  7 jackals
  37 kobolds
  5 quokkas
  A ball python (D:1)
  4 bats
  3 frilled lizards
  3 goblin skeletons (D:8)
  2 goblin zombies (D:8)
  7 hobgoblin zombies
  9 kobold zombies
  3 orc skeletons (D:8)
  12 orc zombies
  A quokka skeleton (D:5)
  6 rats
  15 plants
1000 creatures vanquished.

Vanquished Creatures (others)
  2 merfolk javelineers
  2 satyrs
  2 naga sharpshooters
  A harpy (Shoals:3)
  2 fauns (Shoals:1)
  A naga mage (Snake:3)
  4 merfolk
  5 dream sheep (Lair:6)
  20 fungi
  52 plants
91 creatures vanquished.

Grand Total: 1091 creatures vanquished

Notes
Turn   | Place    | Note
-------+----------+-------------------------------------------
     0 | D:1      | Mehrunes the Demigod Fire Elementalist began the quest for
                  | the Orb.
     0 | D:1      | Reached XP level 1. HP: 14/14 MP: 5/5
    39 | D:1      | Reached skill level 1 in Conjurations
    98 | D:1      | Reached XP level 2. HP: 16/20 MP: 4/7
   477 | D:1      | Reached XP level 3. HP: 26/26 MP: 5/9
   976 | D:1      | Reached * piety under Demigod
  1530 | D:2      | Learned a level 3 spell: Conjure Flame
  1780 | D:2      | Reached XP level 4. HP: 33/33 MP: 7/10
  2062 | D:2      | Found a burning altar of Makhleb.
  2065 | D:2      | Found a glowing silver altar of Zin.
  2065 | D:2      | Noticed a blizzard demon
  2065 | D:2      | Noticed an angel
  2523 | D:3      | Reached XP level 5. HP: 22/38 MP: 1/12
  2727 | D:3      | Learned a level 4 spell: Sticky Flame
  3215 | D:4      | Noticed Blork the orc
  3226 | D:4      | Killed Blork the orc
  3227 | D:4      | Reached XP level 6. HP: 36/45 MP: 5/14
  3656 | D:4      | Reached ** piety under Demigod
  3912 | D:5      | Entered Level 5 of the Dungeon
  3990 | D:5      | Found a sand-covered staircase.
  3994 | Ossuary  | Entered an ossuary
  4078 | Ossuary  | Reached XP level 7. HP: 42/50 MP: 9/16
  4395 | Ossuary  | Reached skill level 5 in Fire Magic
  4986 | D:5      | Reached XP level 8. HP: 47/57 MP: 12/18
  5211 | D:5      | Reached skill level 5 in Conjurations
  5365 | D:5      | Reached skill level 5 in Spellcasting
  5637 | D:5      | Found a glowing golden altar of the Shining One.
  5688 | D:5      | Reached *** piety under Demigod
  5836 | D:5      | Learned a level 5 spell: Fireball
  6055 | D:6      | Found a staircase to the Ecumenical Temple.
  6434 | D:6      | Reached XP level 9. HP: 62/62 MP: 11/20
  6601 | D:6      | Got a steaming rapier
  7118 | D:7      | Found Gyeshi's Book Shop.
  7322 | D:7      | Found a blossoming altar of Fedhas.
  7332 | D:7      | Found an ancient bone altar of Kikubaaqudgha.
  7335 | D:7      | Found a shattered altar of Ashenzari.
  7336 | D:7      | Found an opulent altar of Gozag.
  7337 | D:7      | Found a glowing golden altar of the Shining One.
  7341 | D:7      | Found a hazy altar of Hepliaklqana.
  7387 | D:7      | Reached **** piety under Demigod
  7846 | D:8      | Found a flagged portal.
  7903 | Bailey   | Entered a bailey
  8069 | Bailey   | Noticed an orc knight
  8272 | Bailey   | Reached ***** piety under Demigod
  8272 | Bailey   | Killed an orc knight
  8577 | Bailey   | Identified the +6 rapier of Arrival {elec, Int+5} (You
                  | found it on level 6 of the Dungeon)
  8750 | D:8      | Reached XP level 10. HP: 69/69 MP: 16/21
  8868 | D:8      | Noticed Harold
  9415 | D:8      | Noticed a two-headed ogre
  9470 | D:8      | Paralysed by Harold for 3 turns
  9556 | D:8      | Killed Harold
  9557 | D:8      | Reached skill level 10 in Conjurations
  9557 | D:8      | Reached skill level 10 in Fire Magic
  9571 | D:8      | Killed a two-headed ogre
  9572 | D:8      | Reached skill level 1 in Fighting
  9572 | D:8      | Reached skill level 1 in Short Blades
  9660 | D:8      | Reached skill level 2 in Fighting
  9682 | D:8      | Found a staircase to the Orcish Mines.
  9893 | D:9      | Noticed a white ugly thing
  9970 | D:9      | Killed a white ugly thing
 10242 | D:9      | Found a portal to a secret trove of treasure.
 10248 | D:9      | Reached XP level 11. HP: 81/81 MP: 22/22
 10332 | D:9      | Found a staircase to the Lair.
 10389 | D:9      | Reached skill level 3 in Fighting
 10441 | D:9      | Got a bloodstained leather armour
 10846 | D:9      | Identified the +1 leather armour of Gikkujibb {rElec rC-
                  | Int+8} (You found it on level 9 of the Dungeon)
 10860 | Lair:1   | Entered Level 1 of the Lair of Beasts
 11246 | Lair:1   | Reached skill level 4 in Fighting
 11347 | Lair:1   | Noticed a four-headed hydra
 11360 | Lair:1   | Killed a four-headed hydra
 12270 | Lair:2   | Found a staircase to the Snake Pit.
 12334 | Lair:2   | Reached skill level 1 in Shields
 12495 | Lair:1   | Reached skill level 5 in Fighting
 12495 | Lair:1   | Reached skill level 5 in Short Blades
 12800 | Lair:2   | Noticed a six-headed hydra
 13041 | Lair:2   | Noticed a five-headed hydra
 13068 | Lair:2   | Killed a five-headed hydra
 13069 | Lair:2   | Reached skill level 6 in Fighting
 13069 | Lair:2   | Reached XP level 12. HP: 68/96 MP: 16/23
 13098 | Lair:2   | Killed a six-headed hydra
 13815 | Lair:3   | Reached skill level 7 in Fighting
 14262 | Lair:3   | Reached skill level 8 in Fighting
 14262 | Lair:3   | Found a staircase to the Shoals.
 14812 | Lair:3   | Learned a level 3 spell: Regeneration
 14833 | Lair:4   | Reached skill level 5 in Dodging
 14867 | Lair:4   | Reached skill level 5 in Shields
 15363 | Lair:4   | Reached XP level 13. HP: 108/108 MP: 18/24
 15918 | Lair:4   | Learned a level 6 spell: Deflect Missiles
 16032 | Lair:5   | Reached ****** piety under Demigod
 16033 | Lair:5   | Reached skill level 1 in Charms
 16079 | Lair:5   | Reached skill level 1 in Air Magic
 16385 | Lair:5   | Noticed Sonja
 16392 | Lair:5   | Killed Sonja
 17249 | Lair:6   | Entered Level 6 of the Lair of Beasts
 17299 | Lair:6   | Found a staircase to the Slime Pits.
 17299 | Lair:6   | Found a viscous altar of Jiyva.
 17707 | Lair:5   | Gained mutation: You are frail. (-10% HP) [mutagenic glow]
 17742 | Lair:5   | Gained mutation: You occasionally shout uncontrollably at
                  | your foes. [mutagenic glow]
 17773 | Lair:5   | Gained mutation: You are dopey. (Int -2) [mutagenic glow]
 17965 | Lair:5   | Lost mutation: You are dopey. (Int -2) [potion of mutation]
 17965 | Lair:5   | Lost mutation: You are frail. (-10% HP) [potion of
                  | mutation]
 17965 | Lair:5   | Gained mutation: You are weak. (Str -2) [potion of
                  | mutation]
 17965 | Lair:5   | Lost mutation: You are weak. (Str -2) [potion of mutation]
 17965 | Lair:5   | Gained mutation: You are robust. (+10% HP) [potion of
                  | mutation]
 18042 | Lair:6   | Noticed Snorg
 18280 | Lair:6   | Identified the +5 hand axe of a ziggurat {venom, +Fly rC++
                  | Int+2 Dex-3}
 18286 | Lair:6   | Reached skill level 5 in Charms
 18286 | Lair:6   | Reached skill level 5 in Air Magic
 18325 | Lair:6   | Noticed Grum
 18328 | Lair:6   | Killed Grum
 18402 | Lair:6   | Reached skill level 9 in Fighting
 18908 | Lair:6   | Killed Snorg
 19254 | Lair:6   | Reached XP level 14. HP: 78/129 MP: 16/25
 19798 | Lair:6   | Got a fine shortbow
 19955 | Lair:6   | Found a shimmering altar of Xom.
 20712 | D:10     | Entered Level 10 of the Dungeon
 21126 | D:10     | Reached skill level 10 in Fighting
 21711 | D:11     | Noticed Nergalle
 21727 | D:11     | Killed Nergalle
 21880 | D:11     | Found Uclasocw's Food Shoppe.
 21952 | D:11     | Found Wella's Antique Weapon Shop.
 22066 | D:11     | Found Atawkiul's Book Shoppe.
 22132 | D:11     | Found Nual's Armour Emporium.
 22152 | D:11     | Noticed Psyche
 22155 | D:11     | Identified the cursed ring of Tender Moments {rElec rC-
                  | Str+3 Stlth--}
 22161 | D:11     | Killed Psyche
 22222 | D:11     | Found Uskapez's Book Shoppe.
 22248 | D:11     | Bought a book of the Tempests for 910 gold pieces
 22440 | D:11     | Found a huge runed gate.
 22441 | D:11     | Found a huge runed gate.
 22442 | D:11     | Found a huge runed gate.
 22444 | D:11     | Found a huge runed gate.
 22508 | D:11     | Reached skill level 1 in Invocations
 22982 | D:12     | Entered Level 12 of the Dungeon
 23007 | D:12     | Noticed Maurice
 23018 | D:12     | Killed Maurice
 23283 | D:12     | Noticed Louise
 23314 | D:12     | Killed Louise
 23434 | D:12     | Found a staircase to the Depths.
 23814 | D:12     | Reached XP level 15. HP: 133/140 MP: 22/26
 23831 | D:12     | Reached skill level 5 in Invocations
 23845 | D:12     | Reached skill level 11 in Fighting
 23916 | D:12     | Found a gate to the Vaults.
 25028 | Orc      | Entered the Orcish Mines
 25271 | Orc      | Found Lobbogem's Distillery.
 25283 | Orc      | Noticed Rupert
 25318 | Orc      | Killed Rupert
 25523 | Orc      | Found a staircase to the Elven Halls.
 25759 | Orc      | Found Pelof's Antique Armour Shoppe.
 25759 | Orc      | Found Dychuvei's Antique Weapon Shoppe.
 25778 | Orc      | Found Kismi's Antique Weapon Emporium.
 25919 | Orc      | Found Idout's Jewellery Emporium.
 26386 | Snake:1  | Entered Level 1 of the Snake Pit
 27003 | Snake:1  | Reached skill level 10 in Dodging
 27083 | Snake:1  | Reached skill level 10 in Shields
 27412 | Snake:1  | Found a hazy altar of Hepliaklqana.
 27786 | Snake:2  | Found a runed door.
 27796 | Snake:2  | Found a stormy altar of Qazlal.
 27806 | Snake:2  | Reached skill level 12 in Fighting
 28013 | Snake:2  | Reached XP level 16. HP: 152/152 MP: 28/28
 28494 | Snake:3  | Entered Level 3 of the Snake Pit
 29558 | Snake:3  | Reached skill level 10 in Invocations
 29842 | Snake:3  | Found Woebyam's Jewellery Boutique.
 29842 | Snake:3  | Found Odeusel's Gadget Shoppe.
 29843 | Snake:3  | Found Zupt's Gadget Shoppe.
 30732 | Snake:3  | Got a serpentine rune of Zot
 30954 | Shoals:1 | Entered Level 1 of the Shoals
 30976 | Shoals:1 | Reached skill level 13 in Fighting
 31386 | Shoals:1 | Reached XP level 17. HP: 163/163 MP: 28/33
 32044 | Shoals:1 | Learned a level 5 spell: Bolt of Magma
 33046 | Shoals:2 | Identified the cursed +0 shortbow of Fatigue {freeze,
                  | Fragile rF++ rC+ MR+}
 33143 | Shoals:3 | Entered Level 3 of the Shoals
 33214 | Shoals:3 | Identified the +4 hunting sling of Agony {velocity, rF+ rC+
                  | rN+ Dex+3}
 33836 | Shoals:3 | Identified the +10 broad axe of the Well-Known Stories
                  | {freeze, +Fly Int+3}
 34033 | Shoals:3 | Found Zathrumoh's Antique Armour Boutique.
 34039 | Shoals:3 | Bought a pair of embroidered gloves for 195 gold pieces
 34039 | Shoals:3 | Bought a glowing cloak for 195 gold pieces
 34159 | Shoals:3 | Reached skill level 1 in Axes
 34437 | Shoals:3 | HP: 7/166 [harpy (4)]
 34443 | Shoals:3 | HP: 5/166 [harpy (3)]
 34443 | Shoals:3 | Slain by a harpy

Skill      XL: |  1  2  3  4  5  6  7  8  9 10 11 12 13 14 15 16 17 |
---------------+----------------------------------------------------+-----
Conjurations   | 1 2 3 4 6 8 10 | 10.0
Spellcasting   | 2 3 4 5 7 9 |  9.2
Fire Magic     | 3 4 5 7 9 10 11 12 | 12.6
Fighting       | 2 6 8 9 10 12 13 | 13.9
Short Blades   | 2 6 8 9 |  9.0
Dodging        | 3 4 5 6 8 10 | 10.1
Shields        | 3 5 6 8 10 | 10.0
Charms         | 5 |  5.0
Air Magic      | 5 |  5.0
Invocations    | 4 8 11 12 | 12.0
Axes           | 2 |  2.2
Stealth        | |  2.0

Action                   |  1- 3 |  4- 6 |  7- 9 | 10-12 | 13-15 | 16-18 || total
-------------------------+-------+-------+-------+-------+-------+-------++-------
Melee: Unarmed           |     3 |       |       |       |       |       ||     3
       Short sword       |       |     8 |    36 |       |       |       ||    44
       Rapier            |       |       |       |   323 |  1308 |   757 ||  2388
 Cast: Flame Tongue      |    72 |   127 |   354 |   230 |   176 |    13 ||   972
       Conjure Flame     |       |     2 |    14 |     7 |     4 |       ||    27
       Sticky Flame      |       |       |    12 |    53 |    76 |    46 ||   187
       Fireball          |       |       |     8 |    12 |    37 |    97 ||   154
       Deflect Missiles  |       |       |       |       |     1 |     1 ||     2
       Regeneration      |       |       |       |       |     1 |     2 ||     3
       Bolt of Magma     |       |       |       |       |       |    12 ||    12
Invok: Heroism           |       |       |       |     8 |    29 |    21 ||    58
       Growth            |       |       |       |     2 |     1 |       ||     3
       Divine Shield     |       |       |       |     1 |     4 |     7 ||    12
       Major Destruction |       |       |       |       |       |     3 ||     3
       Smiting           |       |       |       |       |       |     3 ||     3
 Abil: Evoke Flight      |       |       |     1 |       |       |       ||     1
  Use: Potion            |       |     4 |       |     2 |    13 |     7 ||    26
       Scroll            |       |     4 |     1 |     7 |    20 |    10 ||    42
 Stab: Sleeping          |       |       |     1 |     3 |    12 |     5 ||    21
       Distracted        |       |       |       |       |     4 |       ||     4
       Invisible         |       |       |       |       |     2 |       ||     2
  Eat: Chunk             |     4 |     9 |    17 |    41 |    63 |    28 ||   162
       Ration            |       |       |     2 |     3 |    10 |     8 ||    23
Armor: Robe              |     1 |     6 |    36 |       |       |       ||    43
       Ring mail         |       |       |       |   123 |   231 |   138 ||   492
Dodge: Dodged            |    26 |    44 |   128 |   338 |   755 |   577 ||  1868
       Deflected         |       |       |       |       |    44 |   127 ||   171
Block: Buckler           |       |       |       |    63 |   731 |   677 ||  1471
       Other             |       |       |       |     3 |       |       ||     3
       Reflection        |       |       |       |       |    48 |   148 ||   196
